 Dungeon Crawl Stone Soup version 0.25.1-2-g60ff931df9 (webtiles) character file.

Game seed: 11505661675292054477

11 DoubleLucky the Caller (level 2, 0/15 HPs)
             Began as a Deep Elf Summoner on Sept 28, 2020.
             Slain by a jackal (2 damage)
             ... on level 1 of the Dungeon.
             The game lasted 00:03:55 (645 turns).

DoubleLucky the Caller (Deep Elf Summoner)           Turns: 645, Time: 00:03:56

Health: 0/15       AC:  2    Str:  5    XL:     2   Next: 13%
Magic:  0/8        EV: 13    Int: 19    God:
Gold:   14         SH:  0    Dex: 15    Spells: 6/7 levels left

rFire    . . .     SeeInvis .   b - +0 club
rCold    . . .     Gourm    .   (no shield)
rNeg     . . .     Faith    .   a - +0 robe
rPois    .         Spirit   .   (no helmet)
rElec    .         Reflect  .   (no cloak)
rCorr    .         Harm     .   (no gloves)
MR       .....                  (no boots)
Stlth    ++........             (no amulet)
HPRegen  0.05/turn              (no ring)
MPRegen  0.11/turn              (no ring)

@: no status effects
A: no striking features
a: no special abilities


You were on level 1 of the Dungeon.
You were not hungry.

You visited 1 branch of the dungeon, and saw 1 of its levels.

You collected 14 gold pieces.

Inventory:

Hand Weapons
 b - a +0 club (weapon)
Armour
 a - a +0 robe (worn)
Scrolls
 d - a scroll of enchant armour {unknown}
 e - a scroll of random uselessness {unknown}
 i - a scroll of teleportation {unknown}
 j - a scroll of immolation {unknown}
Potions
 g - a potion of curing {unknown}
 h - a potion of might {unknown}
Comestibles
 c - 3 rations
 f - 6 chunks of flesh


   Skills:
 + Level 2.7 Dodging
 - Level 2.5 Stealth
 + Level 3.2 Spellcasting
 * Level 4.7 Summonings


You had 6 spell levels left.
You knew the following spells:

 Your Spells              Type           Power        Failure   Level  Hunger
a - Summon Small Mammal   Summ           ###.         2%          1    None

Your spell library contained the following spells:

 Spells                   Type           Power        Failure   Level  Hunger
 Call Imp                 Summ           ###.....     3%          2    ##.....
 Call Canine Familiar     Summ           ###.....     6%          3    ###....
 Summon Guardian Golem    Hex/Summ       ##......     17%         3    ###....
 Summon Ice Beast         Ice/Summ       ##......     50%         4    ####...
 Summon Lightning Spire   Summ/Air       ##......     50%         4    ####...


Dungeon Overview and Level Annotations

Branches:
Dungeon (1/15)

Altars:


Message History

Confirm with . or Enter, or press ? or * to list all spells.
You don't know that spell.
You hit the jackal.
The jackal is heavily wounded.
Your bat misses the jackal.
Your quokka bites the goblin.
The goblin dies!
Your quokka barely misses the kobold.
The jackal bites you.
* * * LOW HITPOINT WARNING * * *
The kobold misses your quokka. The jackal barely misses your bat.
The kobold misses you. The jackal closely misses you.
Your quokka closely misses the kobold.
You barely miss the jackal.
The jackal is heavily wounded.
Your bat misses the jackal. The jackal closely misses your bat.
The kobold hits your quokka with a +0 whip.
Your quokka dies!
Your quokka's corpse disappears in a puff of smoke!
The kobold closely misses you.
Your quokka bites the jackal.
The jackal bites you.
You die...

#...............##.###
........#.÷÷............##....
........#.#'#####.......######
#.......#.#)#####+############
'...)b..#.#........# #.......
#.......#.#........# #)######
........+..K.......# #.####
........#'##§r.....# #....#
#...(...rh@.....# #.##.#
#........Kb.....# ####.#
#.......g.h.....# ###.###
#...............# #......
.................#####.#.###
.####.##.#####...(......#.#
##+#+###...... .##..........#.#
#.....##...#.##.............#.#
+.....+.....................#.#


You could see 2 jackals, a hobgoblin, 2 kobolds, 2 friendly quokkas and a
friendly bat (summoned).

Vanquished Creatures
  A goblin (D:1)
1 creature vanquished.

Vanquished Creatures (collateral kills)
  3 goblins (D:1)
  4 hobgoblins (D:1)
  2 jackals (D:1)
  A frilled lizard (D:1)
  A kobold (D:1)
  2 rats (D:1)
13 creatures vanquished.

Grand Total: 14 creatures vanquished

Notes
Turn   | Place    | Note
-------+----------+-------------------------------------------
     0 | D:1      | DoubleLucky the Deep Elf Summoner began the quest for the
                  | Orb.
     0 | D:1      | Reached XP level 1. HP: 10/10 MP: 6/6
   556 | D:1      | Reached XP level 2. HP: 15/15 MP: 4/8
   645 | D:1      | Slain by a jackal

Illustrated notes

Levels and vault maps discovered:
D:1:      lemuel_arrival_muddy, layout_basic

Action                   || total
-------------------------++-------
Melee: Club              ||    11
 Cast: Summon Small Mamm ||    41
 Stab: Sleeping          ||     1
Armor: Robe              ||     2
Dodge: Dodged            ||    19
